 Dungeon Crawl Stone Soup version 0.29-a0-40-g8eb35efe60 (webtiles) character file.

Game seed: 3247049174481397226

45 HallandMoats the Skirmisher (level 3, -1/33 HPs)
             Began as a Ghoul Monk on Feb 1, 2022.
             Slain by an orc (13 damage)
             ... on level 3 of the Dungeon.
             The game lasted 00:01:47 (1426 turns).

HallandMoats the Skirmisher (Ghoul Monk)            Turns: 1426, Time: 00:01:48

Health: -1/33      AC: 11    Str: 18    XL:     3   Next: 64%
Magic:  2/2        EV:  6    Int:  5    God:
Gold:   56         SH:  0    Dex: 13    Spells: 2/2 levels left

rFire   . . .      SeeInvis .   b - +3 whip "Pegoyn" {vorpal, Str+4}
rCold   + . .      Faith    .   (no shield)
rNeg    + + +      Spirit   .   c - +0 plate armour
rPois   ∞          Reflect  .   (no helmet)
rElec   .          Harm     .   (no cloak)
rCorr   .          Rampage  .   (no gloves)
Will    .....                   n - +0 pair of boots
Stlth   ..........              (no amulet)
HPRegen 0.00/turn               (no ring)
MPRegen 0.08/turn               (no ring)

@: inhibited regen
A: claws 1, cold resistance 1, negative energy resistance 3, inhibited
regeneration, torment resistance 2
a: no special abilities


You were on level 3 of the Dungeon.
You visited 1 branch of the dungeon, and saw 3 of its levels.

You collected 56 gold pieces.

Inventory:

Hand Weapons
 b - the +3 whip "Pegoyn" (weapon) {vorpal, Str+4}
   (You found it on level 2 of the Dungeon)

   It inflicts extra damage upon your enemies.
   Str:       It affects your strength (+4).
Armour
 c - a +0 plate armour (worn)
 n - a +0 pair of boots (worn)
Wands
 h - a wand of iceblast (8)
Scrolls
 a - a scroll of identify {unknown}
 e - 2 scrolls of teleportation {unknown}
 f - a scroll of blinking {unknown}
 g - a scroll of enchant weapon {unknown}
 i - a scroll of noise {unknown}
 j - a scroll of torment {unknown}
 k - a scroll of fog {unknown}
 l - a scroll of acquirement {unknown}
Potions
 d - a potion of lignification {unknown}
 m - a potion of mutation {unknown}


   Skills:
 * Level 4.0 Fighting
 * Level 0.6 Maces & Flails
 + Level 0.5 Armour
 + Level 2.9 Dodging
 - Level 2.1 Stealth
 - Level 3.5 Unarmed Combat
 + Level 0.9 Invocations


You had 2 spell levels left.
You didn't know any spells.
Your spell library contained the following spells:

 Spells                   Type           Power      Damage    Failure   Level
 Summon Small Mammal      Summ           0%         N/A       100%        1
 Call Canine Familiar     Summ           0%         N/A       100%        3
 Summon Guardian Golem    Hex/Summ       0%         N/A       100%        3
 Fulminant Prism          Conj/Hex       0%         3d6       100%        4
 Iskenderun's Mystic Bla  Conj/Tloc      0%         2d3       100%        4
 Lee's Rapid Deconstruct  Erth           0%         3d5*      100%        5


Dungeon Overview and Level Annotations

Branches:
Dungeon (3/15)

Altars:
Ashenzari


Innate Abilities, Weirdness & Mutations

You thrive by killing the living.
You are immune to poison.
You have sharp fingernails.
Your flesh is cold resistant. (rC+)
You are immune to negative energy. (rN+++)
You do not regenerate when monsters are visible.
You are immune to unholy pain and torment.


Message History

You closely miss the orc. The orc barely misses you.
The orc completely misses you.
The endoplasm quivers.
You hit the orc.
The orc is heavily wounded.
The orc hits you with a +0 whip of electrocution.
The orc hits you with a +0 dagger.
You hit the orc.
You kill the orc!
The orc hits you but does no damage.
You hit the orc. You claw the orc.
The orc is heavily wounded.
The orc hits you but does no damage.
You are electrocuted!!
Ouch! That really hurt!
The orc closely misses you.
You are too injured to fight recklessly!
You are too injured to fight recklessly!
You are too injured to fight recklessly!
You are too injured to fight recklessly!
You are too injured to fight recklessly!
You are too injured to fight recklessly!
You are too injured to fight recklessly!
You are too injured to fight recklessly!
You are too injured to fight recklessly!
You are too injured to fight recklessly!
You are too injured to fight recklessly!
You are too injured to fight recklessly!
You are too injured to fight recklessly!
You are too injured to fight recklessly!
You are too injured to fight recklessly!
You are too injured to fight recklessly!
You are too injured to fight recklessly!
You are too injured to fight recklessly!
You are too injured to fight recklessly!
You are too injured to fight recklessly!
The orc hits you but does no damage.
You whack the orc!
You kill the orc!
The orc hits you but does no damage.
You are electrocuted!
You die...

##..#...#.......
#...'._.#.......
#...#...#.....
#†#.#####....
#.#....#).###
#.#...##.##
#.#.###J.#
#.###.o)##
#.#####@# #...#
#.## #.#.# #..#
#.#.# ##.# #...#
#.# ##..####.#
#.....#.######
#####........#
#.......(##


You could see an orc and an endoplasm.

Vanquished Creatures
  An adder (D:2)
  2 orcs (D:3)
  3 ball pythons (D:1)
  2 endoplasms
  2 giant cockroaches
  2 goblins (D:2)
  7 hobgoblins
  A kobold (D:1)
  A quokka (D:2)
  3 bats (D:2)
  8 rats
32 creatures vanquished.

Notes
Turn   | Place    | Note
-------+----------+-------------------------------------------
     0 | D:1      | HallandMoats the Ghoul Monk began the quest for the Orb.
     0 | D:1      | Reached XP level 1. HP: 19/19 MP: 0/0
   366 | D:1      | Reached XP level 2. HP: 26/26 MP: 1/1
   785 | D:2      | Identified the +3 whip "Pegoyn" {vorpal, Str+4}
   982 | D:2      | Reached XP level 3. HP: 33/33 MP: 2/2
  1187 | D:2      | Reached skill level 4 in Fighting
  1379 | D:3      | Found a broken altar of Ashenzari.
  1426 | D:3      | Slain by an orc

Illustrated notes

Levels and vault maps discovered:
D:1:      minmay_arrival_four_circles, layout_basic
D:2:      minmay_spotlight, layout_loops_ring
D:3:      layout_rooms, nicolae_ashenzari_skybound,
          hellmonk_ecumenical_altar_zigzags

Skill      XL: |  1  2  3 |
---------------+----------+-----
Fighting       | 4 |  4.0
Maces & Flails | |  0.6
Armour         | |  0.5
Dodging        | |  2.9
Stealth        | |  2.1
Unarmed Combat | |  3.5
Invocations    | |  0.9

Action                   || total
-------------------------++-------
Melee: Unarmed           ||    34
       Punch             ||     4
       Whip              ||    46
Armor: Plate armour      ||    46
Dodge: Dodged            ||    21

Table legend: (Time is in decaauts)
 A = Elapsed time spent in this place.
 B = Non-inter-level travel time spent in this place.
 C = Inter-level travel time spent in this place.
 D = Time resting spent in this place.
 E = Time spent auto-exploring this place.
 F = Levels seen in this place.
 G = Mean time per level.
                   A        B        C        D        E       F      G
               +--------+--------+--------+--------+--------+-----+--------+
         Total |   1425 |   1357 |     68 |      0 |   1122 |   3 |  475.0 |
       Dungeon |   1425 |   1357 |     68 |      0 |   1122 |   3 |  475.0 |
               +--------+--------+--------+--------+--------+-----+--------+

Top non-repeatable levels by time:
     D:1: 701 daAuts
     D:2: 642 daAuts
     D:3: 81 daAuts
